 Dungeon Crawl Stone Soup version 0.27-a0-1434-g6f15984924 (webtiles) character file.

Game seed: 12338171327426877686

5162 AarnesTheHuman the Fighter (level 10, -9/84 (86) HPs)
             Began as a Formicid Fighter on July 3, 2021.
             Was a Priest of Makhleb.
             Mangled by a manticore (10 damage)
             ... on level 7 of the Dungeon.
             The game lasted 00:19:05 (9958 turns).

AarnesTheHuman the Fighter (Formicid Fighter)       Turns: 9958, Time: 00:19:06

HP:   -9/84 (86)    AC: 17    Str: 24    XL:     10   Next: 90%
MP:   14/14         EV:  6    Int:  8    God:    Makhleb [***...]
Gold: 292           SH: 11    Dex: 10    Spells: 7/12 levels left

rFire    . . .     SeeInvis +   a - +0 quarterstaff
rCold    . . .     Faith    .   c - +0 kite shield
rNeg     . . .     Spirit   .   l - +0 plate armour
rPois    +         Reflect  .   (helmet unavailable)
rElec    .         Harm     .   k - +0 cloak
rCorr    .         Rampage  .   n - +0 pair of gloves
Will     ++...                  (no boots)
Stlth    ..........             (no amulet)
HPRegen  0.24/turn              y - +4 ring of protection
MPRegen  0.14/turn              (no ring)

@: lightly drained
A: permanent stasis, dig shafts and tunnels, antennae 3, four strong arms, high
mp 1, strong-willed 1, poison resistance
a: Dig, Shaft Self, Renounce Religion, Minor Destruction, Lesser Servant of
Makhleb


You were on level 7 of the Dungeon.
You worshipped Makhleb.
Makhleb was most pleased with you.
You visited 2 branches of the dungeon, and saw 9 of its levels.
You also visited: Ossuary.

You collected 292 gold pieces.

Inventory:

Hand Weapons
 a - a +0 quarterstaff (weapon)
Missiles
 p - a curare-tipped dart
 r - a throwing net
Armour
 b - a +0 scale mail
 c - a +0 kite shield (worn)
 i - a +0 chain mail
 k - a +0 cloak (worn)
 l - a +0 plate armour (worn)
 n - a +0 pair of gloves (worn)
Jewellery
 f - an amulet of faith
 y - a +4 ring of protection (left hand)
 C - a ring of fire
Wands
 q - a wand of polymorph (12)
 D - a wand of iceblast (6)
Scrolls
 g - a scroll of enchant armour {unknown}
 m - 4 scrolls of identify
 o - 2 scrolls of amnesia {unknown}
 s - 2 scrolls of immolation
 w - 2 scrolls of noise {unknown}
 A - a scroll of brand weapon {unknown}
 B - a scroll of fear {unknown}
Potions
 d - a potion of might
 e - a potion of attraction
 h - a potion of brilliance {unknown}
 j - 7 potions of curing
 t - 2 potions of ambrosia {unknown}
 u - a potion of magic {unknown}
 v - 2 potions of flight {unknown}
 x - a potion of mutation
 z - a potion of lignification {unknown}


   Skills:
 + Level 10.4 Fighting
 + Level 9.2 Staves
 - Level 3.2 Armour
 - Level 9.0 Shields
 + Level 1.8 Spellcasting
 + Level 1.9 Necromancy
 + Level 2.2 Earth Magic
 - Level 4.0 Invocations


You had 7 spell levels left.
You knew the following spells:

 Your Spells              Type           Power      Damage    Failure   Level
a - Borgnjor's Vile Clut  Necr/Erth      2%         N/A       100%        5

Your spell library contained the following spells:

 Spells                   Type           Power      Damage    Failure   Level
 Beastly Appendage        Tmut           0%         N/A       100%        1
 Corona                   Hex            0%         N/A       100%        1
 Summon Small Mammal      Summ           0%         N/A       100%        1
 Ensorcelled Hibernation  Hex/Ice        0%         N/A       100%        2
 Wereblood                Tmut           0%         N/A       100%        2
 Call Canine Familiar     Summ           0%         N/A       100%        3
 Gell's Gravitas          Tloc           0%         N/A       100%        3
 Lesser Beckoning         Tloc           0%         N/A       100%        3
 Spider Form              Tmut/Pois      0%         N/A       100%        3
 Summon Guardian Golem    Hex/Summ       0%         N/A       100%        3
 Teleport Other           Tloc           0%         N/A       100%        3
 Tukima's Dance           Hex            0%         N/A       100%        3
 Animate Dead             Necr           1%         N/A       100%        4
 Passage of Golubria      Tloc           N/A        N/A       100%        4
 Manifold Assault         Tloc           0%         N/A       100%        5
 Yara's Violent Unravell  Hex/Tmut       0%         3d3       100%        5
 Death Channel            Necr           1%         N/A       100%        6
 Storm Form               Tmut/Air       0%         N/A       100%        7
 Blink                    Tloc           Unusable   N/A       N/A         2

Dungeon Overview and Level Annotations

Branches:
Dungeon (8/15)             Temple (1/1) D:4         Ossuary (visited)
   Lair: D:8-11

Altars:
Ashenzari
Cheibriados
Dithmenos
Elyvilon
Fedhas
Gozag
Hepliaklqana
Kikubaaqudgha
Makhleb
Nemelex Xobeh
Okawaru
Qazlal
Ru
Sif Muna
Trog
Uskayaw
Vehumet
Wu Jian
Xom
Yredelemnul
Zin
The Shining One

Shops:
D:3 *   D:7 :

Annotations:
D:3 1 runed translucent door, exclusion: door, Crazy Yiuf
D:8 2 transporters, Bapho's ghost, novice GrMo; Grum


Innate Abilities, Weirdness & Mutations

You cannot be hasted, slowed, berserked, paralysed or teleported.
You can dig through walls and to a lower floor.
You have a pair of large antennae on your head. (SInv)
Your four strong arms can wield two-handed weapons with a shield.
You have an increased reservoir of magic. (+10% MP)
You are strong-willed. (Will+)
Your system is resistant to poisons. (rPois)


Message History

You block the manticore's attack.
The manticore claws you but does no damage.
You climb upwards.
There is a stone staircase leading down, spattered with blood here.
You hit the manticore.
The manticore is lightly wounded.
You block the wolf's attack. You block the cyan ugly thing's attack.
The wolf bites you but does no damage. You block the manticore's attack. x2
The manticore claws you but does no damage.
You barely miss the manticore.
The manticore is lightly wounded.
The wolf bites you but does no damage.
The cyan ugly thing pecks you but does no damage.
You hit the manticore.
The manticore is lightly wounded.
The wolf bites you but does no damage. The manticore closely misses you.
The manticore claws you but does no damage.
You block the manticore's attack. The wolf barely misses you.
A demon appears!
You can no longer hurl Makhleb's greater destruction.
You block the cyan ugly thing's attack. The wolf bites you.
The manticore bites you! The manticore claws you.
You block the manticore's attack.
You barely miss the manticore.
The manticore is lightly wounded.
You block the wolf's attack. The cyan ugly thing pecks you!
The cyan ugly thing shocks you!
* * * LOW HITPOINT WARNING * * *
The manticore bites you!
* * * LOW HITPOINT WARNING * * *
The manticore claws you.
* * * LOW HITPOINT WARNING * * *
The manticore barely misses you. The wolf bites you but does no damage.
Okay, then.
You thump the manticore!
The manticore is moderately wounded.
Your ynoxinul hits the cyan ugly thing but does no damage.
The cyan ugly thing pecks you but does no damage.
The wolf bites you but does no damage. The manticore bites you!
You die...

#.#.# #.....#...#..# ....#
####......#..####
#.#.#######...........#
..#................##.#
....#########...#..##.#
###.###...# #.#.##.##.#
#.......# #.#3.#.##.#
#######.(.###.#)u..##.#
................@####.#
.############..h.H....#
...###########################
.#...........................#
...######......#########.#####
.#.# #.............##.#
...######.......#####.##.#
........+.......#.....##.#
...######......##.###.##.#


You could see a cyan ugly thing (ally target), a manticore, a wolf and a
friendly ynoxinul (summoned).

Vanquished Creatures
  A two-headed ogre (D:7)
  Pikel (D:6)
  Joseph (D:7)
  Prince Ribbit (D:7)
  Menkaure (D:4)
  2 orc warriors
  A sky beast (D:6)
  2 black bears
  A necrophage (D:7)
  2 wolves
  3 ogres
  A centaur (D:6)
  3 phantoms
  A lemure (D:6)
  A kobold brigand (D:6)
  A bullfrog (D:7)
  3 scorpions
  A wyvern zombie (D:6)
  A gnoll sergeant (D:6)
  6 water moccasin zombies (Ossuary)
  4 wights
  2 howler monkeys
  A centaur zombie (D:7)
  A jelly (D:7)
  A bullfrog skeleton (D:6)
  4 orc priests
  2 hounds (D:6)
  2 centaur skeletons
  A gnoll shaman (D:7)
  Jessica (D:3)
  Terence (D:3)
  2 iguanas
  6 orc wizards
  A killer bee zombie (D:4)
  3 mummies
  8 gnolls
  A howler monkey zombie (D:7)
  3 howler monkey skeletons
  7 adders
  A shadow imp (D:5)
  2 ufetubi
  2 adder zombies (Ossuary)
  6 worms
  3 dart slugs
  35 orcs
  11 ball pythons
  5 endoplasms
  2 giant cockroaches (D:3)
  7 gnoll zombies (Ossuary)
  5 goblins
  4 hobgoblins
  14 jackals
  10 kobolds
  3 quokkas
  5 bats
  6 frilled lizards
  5 hobgoblin zombies
  A jackal skeleton (D:4)
  6 kobold zombies (Ossuary)
  4 orc zombies
  3 rats
225 creatures vanquished.

Vanquished Creatures (collateral kills)
  A wolf (D:8)
  2 killer bees (D:8)
  A wight (D:8)
4 creatures vanquished.

Grand Total: 229 creatures vanquished

Notes
Turn   | Place    | Note
-------+----------+-------------------------------------------
     0 | D:1      | AarnesTheHuman the Formicid Fighter began the quest for the
                  | Orb.
     0 | D:1      | Reached XP level 1. HP: 18/18 MP: 1/1
   127 | D:1      | Reached XP level 2. HP: 24/24 MP: 2/2
   156 | D:1      | Found a faded altar of an unknown god.
   461 | D:1      | Reached XP level 3. HP: 21/30 MP: 3/3
   870 | D:1      | Found a faded altar of an unknown god.
  1525 | D:2      | Reached skill level 5 in Shields
  1702 | D:2      | Reached XP level 4. HP: 37/37 MP: 4/4
  1783 | D:2      | Reached skill level 4 in Fighting
  2009 | D:2      | Found a bloodstained altar of Trog.
  2362 | D:3      | Noticed Jessica
  2366 | D:3      | Killed Jessica
  2367 | D:3      | Reached XP level 5. HP: 42/42 MP: 5/5
  2426 | D:3      | Noticed Terence
  2449 | D:3      | Killed Terence
  2730 | D:3      | Reached XP level 6. HP: 49/49 MP: 6/6
  2820 | D:3      | Found Hauxt's Assorted Antiques.
  3218 | D:3      | Found a runed translucent door.
  3219 | D:3      | Noticed Crazy Yiuf
  3679 | D:4      | Found a staircase to the Ecumenical Temple.
  3699 | Temple   | Entered the Ecumenical Temple
  3893 | Temple   | Became a worshipper of Makhleb the Destroyer
  3927 | D:4      | Noticed Menkaure
  3936 | D:4      | Killed Menkaure
  3937 | D:4      | Reached skill level 5 in Fighting
  3937 | D:4      | Reached skill level 1 in Invocations
  3937 | D:4      | Reached XP level 7. HP: 12/56 MP: 7/7
  4276 | D:4      | Learned a level 5 spell: Borgnjor's Vile Clutch
  4965 | D:5      | Entered Level 5 of the Dungeon
  4991 | D:4      | Reached XP level 8. HP: 56/63 MP: 9/9
  5606 | D:5      | Reached * piety under Makhleb
  6162 | D:6      | Reached skill level 6 in Fighting
  6235 | D:6      | Reached skill level 5 in Staves
  6272 | D:6      | Reached XP level 9. HP: 43/71 MP: 12/12
  6364 | D:6      | Reached skill level 7 in Fighting
  6705 | D:6      | Found a sand-covered staircase.
  6713 | Ossuary  | Entered an ossuary
  6719 | Ossuary  | Reached ** piety under Makhleb
  6892 | Ossuary  | Reached skill level 8 in Fighting
  6966 | Ossuary  | Gained mutation: You are frail. (-10% HP) [potion of
                  | mutation]
  6966 | Ossuary  | Gained mutation: Your system is resistant to poisons.
                  | (rPois) [potion of mutation]
  6967 | Ossuary  | Lost mutation: You are frail. (-10% HP) [potion of
                  | mutation]
  6967 | Ossuary  | Gained mutation: You have an increased reservoir of magic.
                  | (+10% MP) [potion of mutation]
  6967 | Ossuary  | Gained mutation: You are strong-willed. (Will+) [potion of
                  | mutation]
  7074 | D:6      | Reached *** piety under Makhleb
  7141 | D:6      | Found a white marble altar of Elyvilon.
  7218 | D:6      | Found an iron altar of Okawaru.
  7284 | D:6      | Found a glowing silver altar of Zin.
  7284 | D:6      | Found a shadowy altar of Dithmenos.
  7707 | D:7      | Found Popnacu's Book Shop.
  7821 | D:7      | Reached XP level 10. HP: 82/82 MP: 14/14
  7835 | D:7      | Reached skill level 9 in Fighting
  7853 | D:7      | Noticed Pikel
  8154 | D:6      | Killed Pikel
  8584 | D:7      | Found a basalt altar of Yredelemnul.
  8710 | D:7      | Noticed Prince Ribbit
  8720 | D:7      | Killed Prince Ribbit
  8906 | D:7      | Noticed Joseph
  8930 | D:7      | Killed Joseph
  8931 | D:7      | Reached skill level 10 in Fighting
  9297 | D:8      | Noticed a two-headed ogre
  9312 | D:7      | Killed a two-headed ogre
  9313 | D:7      | Reached skill level 1 in Spellcasting
  9313 | D:7      | Reached skill level 1 in Necromancy
  9313 | D:7      | Reached skill level 1 in Earth Magic
  9571 | D:8      | Found a shimmering altar of Xom.
  9582 | D:8      | Found a transporter.
  9585 | D:8      | Noticed Bapho's ghost (novice GrMo)
  9586 | D:8      | Found a transporter.
  9587 | D:8      | Identified the +4 dire flail of Nargh {vamp, Str+4 Stlth+}
  9587 | D:8      | Identified the +1 dire flail "Fastrexi" {speed, rF+ rCorr
                  | Dex+2}
  9587 | D:8      | Noticed a two-headed ogre
  9616 | D:8      | Reached **** piety under Makhleb
  9635 | D:8      | Noticed Grum
  9648 | D:8      | Noticed a manticore
  9658 | D:8      | Noticed a cyan ugly thing
  9957 | D:7      | HP: 1/84 [manticore (5)]
  9958 | D:7      | Mangled by a manticore

Illustrated notes

Levels and vault maps discovered:
D:1:      lemuel_arrival_hallway, layout_rooms,
          ebering_ecumenical_altar_abandoned
D:2:      layout_rooms, basic_altar, minmay_tetromino_t2
D:3:      layout_basic, serial_shops, nicolae_shop_stone, st_stairs_1,
          kennysheep_generic_room_3, uniq_terence, uniq_jessica,
          uniq_crazy_yiuf_cottage
D:4:      layout_basic, minmay_temple_entry_ruins, hangedman_decor_points,
          uniq_menkaure
D:5:      layout_gridville, kennysheep_potato
D:6:      layout_loops_ring, okawaru_altar_gauntlet_db,
          gammafunk_temple_overflow_elements, elyvilon_altar_4,
          nicolae_ossuary_entry_giza, minivault_25
D:7:      layout_basic, lemuel_zombie_altar_yredelemnul, serial_shops, shop,
          uniq_joseph, uniq_prince_ribbit1, uniq_pikel
D:8:      minmay_opposing_rooms, layout_cave_pools, kennysheep_mini,
          gammafunk_ghost_smash, uniq_grum
Temple:   eino_temple_scatter_basement

Skill      XL: |  1  2  3  4  5  6  7  8  9 10 |
---------------+-------------------------------+-----
Shields        | 4 5 6 7 9 |  9.0
Fighting       | 4 5 6 8 10 | 10.4
Staves         | 3 5 7 9 |  9.2
Invocations    | 1 2 4 |  4.0
Spellcasting   | 1 |  1.8
Necromancy     | 1 |  1.9
Earth Magic    | 2 |  2.2
Armour         | |  3.2

Action                   |  1- 3 |  4- 6 |  7- 9 | 10-12 || total
-------------------------+-------+-------+-------+-------++-------
Melee: Quarterstaff      |   102 |   165 |   567 |   182 ||  1016
Invok: Lesser Servant of |       |       |       |     2 ||     2
  Use: Scroll            |       |       |    14 |       ||    14
       Potion            |       |       |     2 |       ||     2
Armor: Scale mail        |    16 |       |       |       ||    16
       Chain mail        |    36 |     4 |       |       ||    40
       Plate armour      |       |   122 |   254 |    84 ||   460
Dodge: Dodged            |    31 |    34 |   111 |    45 ||   221
Block: Kite shield       |    57 |   111 |   309 |   133 ||   610

Table legend: (Time is in decaauts)
 A = Elapsed time spent in this place.
 B = Non-inter-level travel time spent in this place.
 C = Inter-level travel time spent in this place.
 D = Time resting spent in this place.
 E = Time spent auto-exploring this place.
 F = Levels seen in this place.
 G = Mean time per level.
                   A        B        C        D        E       F      G
               +--------+--------+--------+--------+--------+-----+--------+
         Total |  10059 |   9865 |    194 |   2543 |   5154 |  10 | 1005.9 |
       Dungeon |   9590 |   9433 |    157 |   2527 |   4981 |   8 | 1198.8 |
        Temple |    212 |    175 |     37 |      0 |    173 |   1 |  212.0 |
       Ossuary |    256 |    256 |      0 |     16 |      0 |   1 |  256.0 |
               +--------+--------+--------+--------+--------+-----+--------+

Top non-repeatable levels by time:
     D:7: 1840 daAuts
     D:6: 1543 daAuts
     D:1: 1509 daAuts
     D:4: 1346 daAuts
     D:3: 1227 daAuts
     D:5: 1098 daAuts
     D:2: 877 daAuts
 Ossuary: 256 daAuts
  Temple: 212 daAuts
     D:8: 146 daAuts
